AoeStats
← failingthehardway

MegaRandom

510203783Analyzed
3v3 RM · 2d ago on Sep 29, 2026· 10m 33s· 6 players
Game mode
Random Map
Map size
Normal (6 player)
Population
200
Speed
Normal
Resources
Standard
Victory
Conquest
Starting age
Dark Age
Ending age
Imperial Age
RankedLock teamsTeams togetherTeam positionsShared explorationLock speedFull tech treeHidden civsTurbo modeCheats
Victory
Defeat
🇺🇸 Byzantines · United States
838
+18
🇺🇸 Varangians · United States
806
+16
🇺🇸 Romans · United States
774
+26
🇺🇸 Khmer · United States
818
-17
🇲🇽 Magyars · Mexico
814
-16
🇹🇷 Cumans · Türkiye
793
-15
Centipedejam
9:43 Feudal Age
9:59 Feudal Age
fahre
0:46 Loom
10:02 Feudal Age
Trukson
2:45 Loom
11:55 Feudal Age
Liquidm
8:18 Feudal Age
johnlee
11:05 Feudal Age
failingthehardway
6:35 Loom
11:08 Feudal Age
Connection lost

Rejoining the realm…

Still unreachable

The connection could not be restored.

Session expired

The server has moved on; the page needs a fresh start.